 Dungeon Crawl Stone Soup version 0.15-a0-1675-g4580af5 (webtiles) character file.

3262 PolkaDot the Jinx (level 9, 0/57 HPs)
             Began as a Vampire Enchanter on June 24, 2014.
             Was an Initiate of Gozag.
             Slain by an orc warrior
             ... wielding a +0 long sword
              (19 damage)
             ... on Level 9 of the Dungeon.
             The game lasted 00:35:48 (8434 turns).

PolkaDot the Jinx (Vampire Enchanter)               Turns: 8434, Time: 00:35:48

HP   0/57        AC  9     Str  7      XL: 9   Next: 68%
MP   8/14        EV 10     Int 20      God: Gozag
Gold 936         SH  0     Dex 14      Spells:  4 memorised,  2 levels left

rFire  x . .     SeeInvis +     a - +0 dagger (elec)
rCold  + + +     Clarity  .     q - +1 leather armour {rN+}
rNeg   + + +     rCorr    .     (no shield)
rPois  +         rRot     +     (no helmet)
rElec  .         Spirit   .     e - +1 cloak
SustAb .         Warding  .     h - +2 pair of gloves
rMut   .         Stasis   .     (no boots)
Gourm  .                        (no amulet)
MR     .....                    s - ring of protection from cold
                                l - ring of ice

@: very slightly contaminated, bloodless, non-regenerating, invisible, not
resistant to hostile enchantments, very stealthy
A: bottle blood, fangs 3, see invisible, unbreathing
a: Bat Form, Bottle Blood, Potion Petition, Call Merchant, Bribe Branch,
Renounce Religion


You were on level 9 of the Dungeon.
You worshipped Gozag.
Gozag was noncommittal.
You were bloodless.

You visited 2 branches of the dungeon, and saw 10 of its levels.

You collected 1088 gold pieces.
You paid 152 gold pieces to Gozag.

Inventory:

Hand weapons
 a - a +0 dagger of electrocution (weapon)
 b - a +4 blowgun
 w - the +10 long sword of Beogh {slice, Int-3}
   (You found it on level 5 of the Dungeon)

   It inflicts extra damage upon your enemies.
   It affects your intelligence (-3).
Missiles
 E - 7 curare-tipped needles
Armour
 e - a +1 cloak (worn)
 h - a +2 pair of gloves (worn)
 q - a +1 leather armour of positive energy (worn)
Magical devices
 j - a wand of heal wounds (4) {unknown}
 u - a wand of frost (13)
 B - a wand of magic darts (13)
Scrolls
 f - a scroll of immolation
 g - a scroll of fear {unknown}
 i - 5 scrolls of remove curse
 p - 3 scrolls of recharging {unknown}
 r - 2 scrolls of enchant weapon {unknown}
 t - a scroll of teleportation
 y - a scroll of noise {unknown}
 A - a scroll of fog {unknown}
 C - a scroll of vulnerability {unknown}
Jewellery
 l - a ring of ice (left hand)
 s - a ring of protection from cold (right hand)
Potions
 n - a potion of might
 x - 2 potions of haste {unknown}
 z - a potion of confusion {unknown}
 D - a potion of mutation {unknown}
 F - a potion of resistance
Books
 c - a book of Maledictions

   Spells                             Type                      Level
   *Corona                            Hexes                        1
   Sure Blade                         Hexes/Charms                 2
   *Ensorcelled Hibernation           Hexes/Ice                    2
   *Confuse                           Hexes                        3
   Dazzling Spray                     Conjuration/Hexes            3
   *Enslavement                       Hexes                        4
 o - a book of Flames

   Spells                             Type                      Level
   Flame Tongue                       Conjuration/Fire             1
   Throw Flame                        Conjuration/Fire             2
   Conjure Flame                      Conjuration/Fire             3
   Inner Flame                        Hexes/Fire                   3
   Sticky Flame                       Conjuration/Fire             4
   Fireball                           Conjuration/Fire             5


   Skills:
 + Level 3.8 Short Blades
 - Level 4.0 Armour
 - Level 2.1 Dodging
 + Level 11.4 Stealth
 - Level 2.0 Spellcasting
 * Level 14.1 Hexes
 - Level 1.0 Ice Magic


You had 2 spell levels left.
You knew the following spells:

 Your Spells              Type           Power        Failure   Level  Hunger
a - Corona                Hex            ######.      1%          1    #......
c - Confuse               Hex            ######..     1%          3    ###....
d - Ensorcelled Hibernat  Hex/Ice        #####.       1%          2    ##.....
e - Enslavement           Hex            ######..     1%          4    #####..


Dungeon Overview and Level Annotations

Branches:
Dungeon (9/15)             Temple (1/1) D:5
    Orc: D:9-12        Lair: D:8-11

Altars:
Ashenzari
Cheibriados
Dithmenos
Elyvilon
Fedhas
Gozag
Kikubaaqudgha
Makhleb
Nemelex Xobeh
Okawaru
Qazlal
Sif Muna
Trog
Vehumet
Xom
Yredelemnul
Zin
The Shining One

Shops:
D:7 !


Innate Abilities, Weirdness & Mutations

You do not heal naturally.
You can bottle blood from corpses.
You have razor-sharp teeth.*
You have supernaturally acute eyesight.
You can survive without breathing.*


Message History

You hit the iguana zombie but do no damage.
You hit the iguana zombie.
The orc wizard gestures at you while chanting.
The magic dart hits the adder zombie.
The iguana zombie closely misses you. The orc completely misses you.
The orc priest closely misses you.
The orc warrior hits you with a long sword!
The orc wizard casts a spell at you.
The puff of frost hits the iguana zombie.
The iguana zombie resists.
You hit the orc priest.
There is a sudden explosion of sparks!
The orc priest is severely wounded.
The orc closely misses you. The adder zombie closely misses you.
The orc priest hits you but does no damage.
You hit the orc priest.
There is a sudden explosion of sparks!
You kill the orc priest!
The adder closely misses you.
The orc wizard becomes somewhat translucent.
The orc warrior hits you with a long sword!!
You die...
Your body crumbles into a pile of gold.

......................
#...................#
...#...................#
...#....................
................######..
..........######.# ###
..........# #.#
.......S..# .#
.......$@o#
..#....o.Z.....>. $
....?.oZ.......
.......o.o##...
..........# ..
...o...... .......[..
###.##### .


You could see an orc warrior, an orc priest, 3 orc wizards, an adder, an orc, an
iguana zombie and an adder zombie.

Vanquished Creatures
  A two-headed ogre (D:8)
  Eustachio (D:5)
  A hippogriff (D:9)
  Edmund (D:4)
  2 orc warriors
  An ice beast (D:9)
  2 phantoms
  2 ogres (D:6)
  2 centaurs
  Sigmund (D:4)
  2 giant frogs
  Blork the orc (D:7)
  A wyvern skeleton (D:8)
  2 scorpions (D:4)
  A hippogriff zombie (D:6)
  A yak zombie (D:8)
  5 killer bees (D:9)
  A yak skeleton (D:7)
  2 goliath beetles
  A giant frog skeleton (D:7)
  7 orc wizards
  A crimson imp (D:5)
  2 hounds
  A giant frog zombie (D:7)
  2 orc priests
  4 worker ants
  2 iguanas
  A statue (D:7)
  An ogre zombie (D:5)
  Ijyb (D:5)
  Jessica (D:3)
  A crocodile skeleton (D:7)
  An ogre skeleton (D:4)
  A hound skeleton (D:7)
  8 gnolls
  5 shadow imps
  A giant mite (D:7)
  13 adders
  3 worms
  An adder skeleton (D:5)
  7 giant geckos
  21 orcs
  9 bats
  A bat skeleton (D:6)
  5 giant cockroaches
  12 goblins
  9 hobgoblins
  5 jackals
  18 kobolds
  An ooze (D:4)
  3 quokkas
  2 ball pythons
  3 giant newts
  A giant newt skeleton (D:5)
  A giant spore (D:6)
  A goblin skeleton (D:4)
  2 orc skeletons
  10 rats
  A rat zombie (D:6)
  A ballistomycete (D:6)
201 creatures vanquished.

Vanquished Creatures (others)
  5 sheep (D:6)
  A rat (D:2)
6 creatures vanquished.

Grand Total: 207 creatures vanquished

Notes
Turn   | Place    | Note
--------------------------------------------------------------
     0 | D:1      | PolkaDot, the Vampire Enchanter, began the quest for the Orb.
     0 | D:1      | Reached XP level 1. HP: 13/13 MP: 3/3
   240 | D:1      | Reached XP level 2. HP: 17/19 MP: 4/4
   345 | D:1      | Learned a level 2 spell: Ensorcelled Hibernation
  1200 | D:2      | Reached skill level 5 in Hexes
  1384 | D:2      | Reached XP level 3. HP: 21/24 MP: 3/6
  1487 | D:2      | Learned a level 3 spell: Confuse
  1520 | D:2      | Reached skill level 1 in Ice Magic
  1755 | D:2      | Reached XP level 4. HP: 26/30 MP: 0/7
  1872 | D:2      | Found a stormy altar of Qazlal.
  1885 | D:2      | Reached skill level 5 in Stealth
  1929 | D:2      | Reached skill level 6 in Hexes
  2438 | D:3      | Found a white marble altar of Elyvilon.
  2506 | D:3      | Reached XP level 5. HP: 31/35 MP: 9/9
  2645 | D:3      | Noticed Jessica
  2652 | D:3      | Killed Jessica
  2685 | D:3      | Reached skill level 7 in Hexes
  2987 | D:3      | Found an iron altar of Okawaru.
  3417 | D:4      | Reached XP level 6. HP: 35/41 MP: 7/10
  3465 | D:4      | Noticed Edmund
  3476 | D:4      | Killed Edmund
  3476 | D:4      | Reached skill level 8 in Hexes
  3499 | D:4      | Found a burning altar of Makhleb.
  3523 | D:4      | Noticed Sigmund
  3536 | D:4      | Killed Sigmund
  3536 | D:4      | Reached skill level 1 in Armour
  3536 | D:4      | Reached skill level 9 in Hexes
  3536 | D:4      | Reached XP level 7. HP: 43/46 MP: 4/12
  3761 | D:4      | Found an ancient bone altar of Kikubaaqudgha.
  3762 | D:4      | Found a glowing silver altar of Zin.
  4114 | D:5      | Entered Level 5 of the Dungeon
  4180 | D:5      | Found a bloodstained altar of Trog.
  4268 | D:5      | Found a staircase to the Ecumenical Temple.
  4271 | D:5      | Noticed Ijyb
  4277 | D:5      | Killed Ijyb
  4288 | Temple   | Entered the Ecumenical Temple
  4464 | Temple   | Became a worshipper of Gozag Ym Sagoz the Greedy
  4587 | D:5      | Got a bloodstained long sword
  4594 | D:5      | Found a bloodstained altar of Trog.
  4612 | D:5      | Found an iron altar of Okawaru.
  4855 | D:5      | Noticed Eustachio
  4868 | D:5      | Killed Eustachio
  4868 | D:5      | Reached skill level 10 in Hexes
  4927 | D:5      | Found a snail-covered altar of Cheibriados.
  5254 | D:5      | Identified the +10 long sword of Beogh {slice, Int-3} (You found it on level 5 of the Dungeon)
  5591 | D:6      | Reached XP level 8. HP: 18/52 MP: 10/13
  5643 | D:6      | Found a shimmering altar of Xom.
  5802 | D:6      | Reached skill level 11 in Hexes
  5921 | D:6      | Found a shattered altar of Ashenzari.
  6092 | D:6      | Found a shimmering altar of Xom.
  6430 | D:6      | Learned a level 4 spell: Enslavement
  6514 | D:7      | Noticed Blork the orc
  6523 | D:7      | Killed Blork the orc
  6523 | D:7      | Reached skill level 12 in Hexes
  6545 | D:7      | Reached skill level 10 in Stealth
  6848 | D:7      | Found a radiant altar of Vehumet.
  7075 | D:7      | Found Hues Gigo's Distillery.
  7400 | D:8      | Reached XP level 9. HP: 57/57 MP: 14/14
  7436 | D:8      | Noticed a two-headed ogre
  7465 | D:8      | Killed a two-headed ogre
  7509 | D:8      | Reached skill level 13 in Hexes
  8153 | D:9      | Reached skill level 14 in Hexes
  8156 | D:9      | HP: 2/57 [killer bee (7)]
  8434 | D:9      | Slain by an orc warrior

Action                   |  1- 3 |  4- 6 |  7- 9 || total
-------------------------+-------+-------+-------++-------
Melee: Dagger            |    80 |   140 |   259 ||   479
 Cast: Corona            |     2 |       |     3 ||     5
       Ensorcelled Hiber |    13 |    35 |    73 ||   121
       Confuse           |       |       |    17 ||    17
Evoke: Wand              |       |       |     2 ||     2
  Use: Scroll            |       |       |    13 ||    13
       Potion            |       |       |     7 ||     7
 Stab: Sleeping          |    14 |    32 |    73 ||   119
       Distracted        |       |     1 |     4 ||     5
       Confused          |       |       |    14 ||    14
